 Dungeon Crawl Stone Soup version 0.31.0-32-g396128a36d (webtiles) character file.

Game seed: 12121106911510417781

726 cdecastro the Reanimator (level 7, 0/41 HPs)
             Began as a Human Necromancer on Mar 13, 2024.
             Was a Follower of Hepliaklqana.
             Slain by Maggie
             ... wielding a +2 morningstar of flaming
              (5 damage)
             ... on level 6 of the Dungeon.
             The game lasted 00:11:14 (4772 turns).

cdecastro the Reanimator (Human Necromancer)        Turns: 4772, Time: 00:11:16

Health: 0/41       AC:  2    Str: 10    XL:     7   Next: 72%
Magic:  1/10       EV: 12    Int: 16    God:    Hepliaklqana [*.....]
Gold:   243        SH:  0    Dex: 13    Spells: 2/10 levels left

rFire   . . .        H - +2 trident (flame)
rCold   . . .        (no shield)
rNeg    . . .        a - +0 robe
rPois   +            (no helmet)
rElec   .            (no cloak)
rCorr   .            (no gloves)
SInv    .            (no boots)
Will    .....        (no amulet)
Stlth   ++           u - ring of poison resistance
HPRegen 0.26/turn    (no ring)
MPRegen 0.12/turn

%: no passive effects
@: mesmerised
A: reduced essence, explore regen
a: Renounce Religion, Recall Ancestor, Ancestor Identity


You were on level 6 of the Dungeon.
You worshipped Hepliaklqana.
Hepliaklqana was aware of your devotion.
You visited 1 branch of the dungeon, and saw 6 of its levels.

You collected 243 gold pieces.

Inventory:

Hand Weapons
 d - a +0 dagger
 f - a +0 trident
 z - a +0 dagger of venom
 H - a +2 trident of flaming (weapon)
Missiles
 k - 5 poisoned darts
 y - 4 boomerangs
Armour
 a - a +0 robe (worn)
 r - the +3 chain mail "Koockit" {rF+}
   (You found it on level 4 of the Dungeon)

   rF+:       It protects you from fire.
Magical Staves
 v - a staff of conjuration
Jewellery
 u - a ring of poison resistance (left hand)
 D - a ring of resist corrosion
Talismans
 j - a beast talisman
 l - a flux talisman
Wands
 m - a wand of paralysis (11)
 p - a wand of polymorph (3)
Scrolls
 e - 2 scrolls of fear {unknown}
 h - a scroll of teleportation {unknown}
 s - a scroll of revelation {unknown}
 t - a scroll of enchant weapon {unknown}
 x - 2 scrolls of identify {unknown}
 B - a scroll of vulnerability {unknown}
 C - a scroll of enchant armour {unknown}
 E - 2 scrolls of noise {unknown}
 F - a scroll of blinking {unknown}
 I - a scroll of immolation {unknown}
Potions
 b - 2 potions of magic
 c - a potion of haste {unknown}
 g - 2 potions of resistance {unknown}
 i - 2 potions of heal wounds {unknown}
 n - a potion of ambrosia {unknown}
 o - 2 potions of might {unknown}
 q - 2 potions of mutation {unknown}
 w - 4 potions of curing {unknown}
 A - a potion of enlightenment {unknown}
 G - a potion of lignification {unknown}


   Skills:
 - Level 3.2 Polearms
 - Level 2.0 Dodging
 - Level 2.0 Stealth
 - Level 2.0 Spellcasting
 + Level 8.5 Necromancy


You had 2 spell levels left.
You knew the following spells:

 Your Spells              Type           Power      Damage    Failure   Level
a - Necrotise             Necr           100%       1d9       1%          1
b - Vampiric Draining     Necr           28%        2d8       1%          3
c - Animate Dead          Necr           28%        N/A       6%          4

Your spell library contained the following spells:

 Spells                   Type           Power      Damage    Failure   Level
 Kiss of Death            Conj/Necr      60%        2d10      3%          1
 Apportation              Tloc           2%         N/A       21%         1
 Sandblast                Erth           2%         2d4       21%         1
 Jinxbite                 Hex            2%         N/A       30%         2
 Dispel Undead            Necr           28%        3d13      6%          4
 Curse of Agony           Necr           28%        N/A       17%         5
 Martyr's Knell           Necr/Summ      15%        N/A       34%         4
 Confusing Touch          Hex            1%         N/A       52%         3
 Hailstorm                Conj/Ice       1%         3d5       52%         3
 Passwall                 Erth           1%         N/A       52%         3
 Stone Arrow              Conj/Erth      2%         3d7       52%         3
 Summon Ice Beast         Ice/Summ       1%         N/A       52%         3
 Brom's Barrelling Bould  Conj/Erth      1%         2d3       90%         4
 Alistair's Intoxication  Alch           0%         N/A       99%         5
 Metabolic Englaciation   Hex/Ice        0%         N/A       99%         5
 Summon Mana Viper        Hex/Summ       1%         N/A       99%         5
 Haunt                    Necr/Summ      7%         N/A       100%        7
 Monstrous Menagerie      Summ           0%         N/A       100%        7
 Borgnjor's Revivificati  Necr           14%        N/A       100%        8
 Chain Lightning          Conj/Air       0%         2d1       100%        9
 Death's Door             Necr           14%        N/A       100%        9
 Fire Storm               Conj/Fire      0%         6d1       100%        9
 Shatter                  Erth           0%         3d5*      100%        9


Dungeon Overview and Level Annotations

Branches:
Dungeon (6/15)
 Temple: D:4-7

Altars:
Gozag
Hepliaklqana
Nemelex Xobeh
Ru
Zin

Shops:
D:2 ?

Annotations:
D:5 exclusion: phantom
D:6 1 runed translucent door, Crazy Yiuf, Maggie


Innate Abilities, Weirdness & Mutations

Your life essence is reduced to manifest your ancestor. (-10% HP)
You regain HP and MP as you explore.


Message History

Unknown command.
Casting: Animate Dead (quite dangerous; 6% risk of failure)
Confirm with . or Enter, or press ? or * to list all spells.
Aiming: Vampiric Draining (safe; 1% risk of failure)
Press: ? - help, Shift-Dir - straight line, f - Maggie
Aim: Maggie, wielding a +2 morningstar of flaming and wearing +0 steam dragon scales (moderately wounded, mesmerising, ally target)
You draw life force from Maggie!
You feel life coursing into your body.
Servius hits Maggie.
Maggie closely misses you.
Unknown command.
Unknown command.
Unknown command.
Casting: Vampiric Draining (safe; 1% risk of failure)
Confirm with . or Enter, or press ? or * to list all spells.
Aiming: Vampiric Draining (safe; 1% risk of failure)
Press: ? - help, Shift-Dir - straight line, f/p - Maggie
Aim: Maggie, wielding a +2 morningstar of flaming and wearing +0 steam dragon scales (heavily wounded, mesmerising, ally target)
You draw life force from Maggie.
You feel life coursing into your body.
Servius barely misses Maggie.
Maggie barely misses you.
Unknown command.
Unknown command.
Unknown command.
Casting: Vampiric Draining (safe; 1% risk of failure)
Confirm with . or Enter, or press ? or * to list all spells.
Aiming: Vampiric Draining (safe; 1% risk of failure)
Press: ? - help, Shift-Dir - straight line, f/p - Maggie
Aim: Maggie, wielding a +2 morningstar of flaming and wearing +0 steam dragon scales (severely wounded, mesmerising, ally target)
You draw life force from Maggie!
You feel life coursing into your body.
Servius hits Maggie.
Maggie casts a spell at you. The bolt of fire hits you!
* * * LOW HITPOINT WARNING * * *
Unknown command.
Unknown command.
You hit Maggie but do no damage.
Maggie is almost dead.
Servius barely misses Maggie.
Maggie hits you with a +2 morningstar of flaming!
* * * LOW HITPOINT WARNING * * *
Maggie burns you.
You die...

............### .....
...#..........#.... #.....
..............#.... $....
.##............... ....
####.#.........# ........#.#.
######.##........ ........#.#.
#..............###.........#...
#............R@###.............
###.............@............#...
.......................#.....#^..
.......................# #......
....###................# #......
................#+##...####......
.................................
.......######....................
.......#####.....................
..........##.....................


You could see the friendly Servius the ancestor and Maggie (mesmerising, ally
target).

Vanquished Creatures
  A water moccasin (D:6)
  An ogre (D:5)
  A bullfrog (D:4)
  2 scorpions
  2 sleepcaps (D:4)
  4 hounds
  An iguana (D:5)
  An orc wizard (D:4)
  5 adders
  2 dart slugs
  11 orcs (D:4)
  8 endoplasms
  2 giant cockroaches
  5 hobgoblins
  3 quokkas
  4 ball pythons
  7 bats
  5 frilled lizards
  5 goblins
  10 kobolds
  5 rats
85 creatures vanquished.

Vanquished Creatures (collateral kills)
  A ball python (D:1)
  An endoplasm (D:1)
  A hobgoblin (D:1)
  2 rats (D:1)
5 creatures vanquished.

Grand Total: 90 creatures vanquished

Notes
Turn   | Place    | Note
-------+----------+-------------------------------------------
     0 | D:1      | cdecastro the Human Necromancer began the quest for the
                  | Orb.
     0 | D:1      | Reached XP level 1. HP: 13/13 MP: 3/3
   222 | D:1      | Reached XP level 2. HP: 12/19 MP: 5/5
   445 | D:1      | Reached XP level 3. HP: 24/24 MP: 1/6
   784 | D:1      | Reached skill level 5 in Necromancy
  1165 | D:1      | Learned a level 3 spell: Vampiric Draining
  1237 | D:2      | Found The Oracle's Delphic Readings.
  1245 | D:2      | Got Mojitsew's Information on the Union and Graupel
  2042 | D:3      | Reached XP level 4. HP: 30/30 MP: 5/7
  2117 | D:3      | You fall into a shaft and drop 1 floor!
  2290 | D:4      | Identified the +3 chain mail "Koockit" {rF+}
  2437 | D:3      | Reached skill level 1 in Polearms
  2567 | D:3      | Reached XP level 5. HP: 33/35 MP: 8/8
  2897 | D:4      | Reached skill level 6 in Necromancy
  2987 | D:4      | Reached XP level 6. HP: 13/41 MP: 1/9
  3939 | D:5      | Entered Level 5 of the Dungeon
  4134 | D:5      | Reached skill level 7 in Necromancy
  4206 | D:5      | Found a faded altar of an unknown god.
  4206 | D:5      | Found an opulent altar of Gozag.
  4211 | D:5      | Found a sparkling altar of Nemelex Xobeh.
  4213 | D:5      | Found a sacrificial altar of Ru.
  4221 | D:5      | Found a glowing silver altar of Zin.
  4231 | D:5      | Prayed at the altar of an unknown god.
  4231 | D:5      | Became a worshipper of Hepliaklqana the Forgotten
  4231 | D:5      | Reached * piety under Hepliaklqana
  4307 | D:5      | Reached XP level 7. HP: 40/41 MP: 5/10
  4416 | D:5      | Learned a level 4 spell: Animate Dead
  4597 | D:6      | Found a runed translucent door.
  4598 | D:6      | Noticed Crazy Yiuf
  4712 | D:6      | Reached skill level 8 in Necromancy
  4757 | D:6      | Noticed Maggie
  4772 | D:6      | Slain by Maggie

Illustrated notes

Levels and vault maps discovered:
D:1:      dpeg_arrival_connections, layout_basic
D:2:      layout_loops_ring, kennysheep_path_1, nicolae_nh_oracle_at_delphi
D:3:      layout_rooms, kennysheep_potato
D:4:      layout_loops_corners
D:5:      layout_rooms, chequers_temple_overflow_minitemple
D:6:      layout_basic, serial_bayou_lake_a, uniq_crazy_yiuf_cottage,
          uniq_maggie, uniq_jeremiah

Skill      XL: |  1  2  3  4  5  6  7 |
---------------+----------------------+-----
Necromancy     | 5 6 7 8 |  8.5
Polearms       | 1 2 3 |  3.2
Dodging        | |  2.0
Stealth        | |  2.0
Spellcasting   | |  2.0

Action                     |  1- 3 |  4- 6 |  7- 9 || total
---------------------------+-------+-------+-------++-------
  Melee: Unarmed           |    24 |       |       ||    24
         Dagger            |     4 |       |       ||     4
         Trident           |    24 |    84 |    11 ||   119
         Punch             |       |     2 |       ||     2
   Cast: Necrotise         |    58 |    74 |    15 ||   147
         Vampiric Draining |       |       |     3 ||     3
 Invoke: Recall Ancestor   |       |       |     1 ||     1
   Stab: Sleeping          |       |     1 |       ||     1
 Armour: Robe              |    34 |    37 |     7 ||    78
         Chain mail        |       |    56 |       ||    56
  Dodge: Dodged            |    31 |    55 |     9 ||    95
